 Dungeon Crawl Stone Soup version 0.29-a0-384-g6960b1960d (webtiles) character file.

Game seed: 9438686472946873389

2524 quokkamancerX the Carver (level 9, -5/78 HPs)
             Began as a Merfolk Gladiator on May 7, 2022.
             Was an Initiate of Gozag.
             Slain by a red devil
             ... wielding a +0 trident
             ... summoned by an orc sorcerer
              (6 damage)
             ... while paralysed by an orc sorcerer
             ... in a bailey.
             The game lasted 00:41:37 (7802 turns).

quokkamancerX the Carver (Merfolk Gladiator)        Turns: 7802, Time: 00:41:38

Health: -5/78      AC: 11    Str: 14    XL:     9   Next: 54%
Magic:  0/9        EV:  2    Int:  8    God:    Gozag
Gold:   639        SH:  0    Dex: 19    Spells: 8/8 levels left

rFire   + . .      SeeInvis .   a - +0 long sword (vorpal)
rCold   . . .      Faith    .   (no shield)
rNeg    + . .      Spirit   +   G - +0 ring mail {rN+}
rPois   .          Reflect  .   c - +2 helmet
rElec   .          Harm     .   (no cloak)
rCorr   .          Rampage  .   (no gloves)
Will    .....      Clarity  +   H - +2 pair of boots "Efuotwa" {Slay+2 Stlth+}
Stlth   ++........              J - amulet of guardian spirit
HPRegen 0.23/turn               B - ring of protection from fire
MPRegen 0.11/turn               i - ring of flight

@: paralysed, mighty, spiked, flying
A: (nimble swimmer 2), mertail, clarity
a: Renounce Religion, Potion Petition, Call Merchant, Bribe Branch


You were in a bailey.
You worshipped Gozag.
Gozag was pleased with you.
You visited 1 branch of the dungeon, and saw 7 of its levels.
You also visited: Bailey.

You collected 1026 gold pieces.
You paid 387 gold pieces to Gozag.

Inventory:

Hand Weapons
 a - a +0 vorpal long sword (weapon)
 b - a +0 short sword of holy wrath
Missiles
 e - a javelin
 C - 2 throwing nets
 D - 4 curare-tipped darts
 I - 3 boomerangs
Armour
 c - a +2 helmet (worn)
 G - a +0 ring mail of positive energy (worn)
 H - the +2 pair of boots "Efuotwa" (worn) {Slay+2 Stlth+}
   (You found it on level 5 of the Dungeon)

   Slay:      It affects your accuracy & damage with ranged weapons and melee
   (+2).
   Stlth:     It makes you more stealthy.
Jewellery
 i - a ring of flight (right hand)
 B - a ring of protection from fire (left hand)
 E - the ring "Esoxacicir" {rF- Will+ Dex+2 SInv}
   (You found it on level 5 of the Dungeon)

   [ring of willpower]

   Dex:       It affects your dexterity (+2).
   rF:        It makes you vulnerable to fire.
   SInv:      It lets you see invisible.
   Will:      It increases your willpower.
 J - an amulet of guardian spirit (around neck)
Wands
 d - a wand of iceblast (12)
 s - a wand of flame (12) (quivered)
Scrolls
 j - 3 scrolls of teleportation
 k - a scroll of fog
 q - 2 scrolls of fear
 r - a scroll of amnesia
 y - a scroll of poison
Potions
 f - 2 potions of mutation {unknown}
 h - 3 potions of lignification
 m - 4 potions of brilliance
 p - a potion of invisibility {unknown}
 t - 3 potions of curing
 u - a potion of heal wounds {unknown}
 v - 5 potions of flight
 w - 2 potions of degeneration {unknown}
 x - 2 potions of attraction {unknown}
 z - 2 potions of berserk rage {unknown}
 A - a potion of ambrosia {unknown}
 F - 2 potions of cancellation {unknown}


   Skills:
 + Level 10.0 Fighting
 + Level 11.2 Long Blades
 - Level 2.1 Throwing
 - Level 4.1 Dodging


You had 8 spell levels left.
You didn't know any spells.
Your spell library contained the following spells:

 Spells                   Type           Power      Damage    Failure   Level
 Foxfire                  Conj/Fire      0%         2x1d4     65%         1
 Call Canine Familiar     Summ           0%         N/A       95%         3
 Conjure Flame            Conj/Fire      0%         6-21      95%         3
 Inner Flame              Hex/Fire       0%         N/A       95%         3
 Portal Projectile        Hex/Tloc       0%         N/A       95%         3
 Flame Wave               Conj/Fire      0%         2d4       100%        4
 Leda's Liquefaction      Hex/Erth       0%         N/A       100%        4


Dungeon Overview and Level Annotations

Branches:
Dungeon (7/15)             Temple (0/1) D:5          Bailey (1/1)

Altars:
Dithmenos
Gozag
Nemelex Xobeh
Ru
The Shining One

Shops:
D:3 (   D:4 (


Innate Abilities, Weirdness & Mutations

((You are very nimble when in or above water. (Stealth+, EV+, Speed+++)))
Your lower body shifts to a powerful aquatic tail in water.
You possess an exceptional clarity of mind.


Message History

You are too injured to fight recklessly!
You are too injured to fight recklessly!
You are too injured to fight recklessly!
You are too injured to fight recklessly!
You feel very mighty all of a sudden.
The orc sorcerer hits you but does no damage.
The neqoxec gestures at you.
Strange energies course through your body.
Your thoughts seem clearer.
The red devil hits you from afar with a +0 trident!
Barbed spikes become lodged in your body.
You hit the orc sorcerer but do no damage.
The orc sorcerer is heavily wounded.
The orc sorcerer hits you with a +0 war axe.
The neqoxec hits you.
You slash the orc sorcerer!
The orc sorcerer is almost dead.
The red devil hits you from afar with a +0 trident!
Barbed spikes become lodged in your body.
The orc sorcerer casts a spell at you.
You suddenly lose the ability to move!
The neqoxec barely misses you.
The red devil hits you from afar with a +0 trident!
* * * LOW HITPOINT WARNING * * *
Barbed spikes become lodged in your body.
The orc sorcerer is distracted by your dazzling golden aura.
The neqoxec hits you!
* * * LOW HITPOINT WARNING * * *
The orc sorcerer shouts!
The red devil hits you but does no damage.
The neqoxec hits you but does no damage.
The orc sorcerer is no longer distracted by gold.
The red devil hits you from afar with a +0 trident!
* * * LOW HITPOINT WARNING * * *
Barbed spikes become lodged in your body.
The orc sorcerer hits you but does no damage.
The neqoxec hits you.
* * * LOW HITPOINT WARNING * * *
The red devil hits you from afar with a +0 trident.
You die...
Your body crumbles into a pile of gold.

#################################
≈≈≈≈≈≈≈≈≈≈≈≈≈≈≈≈≈≈≈≈≈≈≈≈≈≈≈≈≈≈≈≈≈
≈≈≈≈≈≈≈≈≈≈≈≈≈≈≈≈≈≈≈≈≈≈≈≈≈≈≈≈≈≈≈≈≈
≈≈≈≈≈≈3≈≈≈≈≈≈≈≈≈≈≈≈≈≈≈≈≈≈≈≈≈≈≈≈≈≈
≈≈≈≈≈≈≈≈≈≈≈≈≈≈≈≈≈≈≈≈≈≈≈≈≈≈≈≈≈≈≈≈≈
≈≈≈≈≈≈≈≈≈≈≈≈≈≈≈≈≈≈≈≈≈≈≈≈≈≈≈≈≈≈≈≈≈
≈≈######≈≈≈≈≈≈≈≈3≈$######≈≈≈≈≈≈≈≈
≈≈#$ ......∩4o@$.$..'.#≈≈≈≈≈≈≈≈
≈≈# ######.######..###≈≈≈≈≈≈≈≈
≈≈# [.#...#...#....#≈≈≈≈≈≈≈≈ ≈≈#
[.#. .#...#....#≈≈≈≈≈≈≈≈ ≈≈#+# #8
###+##'#+#≈≈≈≈≈≈≈≈ ≈≈≈.#
.#.≈≈≈≈≈≈≈≈≈ ≈≈≈.# .#.≈≈≈≈≈≈≈≈≈
≈≈≈.# .#.≈≈≈≈≈≈≈≈≈ ≈≈≈.#
#.≈≈≈≈≈≈≈≈≈


You could see a neqoxec (summoned), an orc sorcerer and a red devil (summoned).

Vanquished Creatures
  Sigmund (D:6)
  Edmund (D:5)
  Duvessa (D:5)
  2 orc warriors (Bailey)
  A black bear (D:5)
  An ice beast (D:6)
  An ogre (D:5)
  A bullfrog (D:5)
  A gnoll sergeant (D:7)
  5 scorpions
  4 necrophages
  Dowan (D:5)
  A howler monkey (D:6)
  7 electric eels (Bailey)
  A jelly (D:4)
  2 hounds
  An orc priest (D:4)
  A gnoll shaman (D:6)
  3 iguanas
  Ijyb (D:3)
  2 orc wizards
  16 gnolls
  5 adders
  A shadow imp (D:6)
  3 worms
  2 dart slugs (D:2)
  19 orcs
  8 ball pythons
  12 endoplasms
  4 giant cockroaches
  11 goblins
  9 hobgoblins
  5 quokkas
  6 bats
  2 frilled lizards
  10 kobolds
  6 rats
158 creatures vanquished.

Vanquished Creatures (collateral kills)
  A hound (D:7)
  A gnoll (D:7)
2 creatures vanquished.

Grand Total: 160 creatures vanquished

Notes
Turn   | Place    | Note
-------+----------+-------------------------------------------
     0 | D:1      | quokkamancerX the Merfolk Gladiator began the quest for the
                  | Orb.
     0 | D:1      | Reached XP level 1. HP: 16/16 MP: 1/1
   391 | D:1      | Reached XP level 2. HP: 23/23 MP: 2/2
   435 | D:1      | Reached skill level 4 in Long Blades
   658 | D:1      | Reached XP level 3. HP: 28/28 MP: 3/3
  1458 | D:2      | You fall into a shaft and drop 2 floors!
  1465 | D:4      | Reached XP level 4. HP: 26/36 MP: 4/4
  1711 | D:4      | Noticed a necrophage
  1727 | D:4      | Killed a necrophage
  1728 | D:4      | Reached skill level 5 in Long Blades
  1728 | D:4      | Reached XP level 5. HP: 40/42 MP: 5/5
  1824 | D:4      | Found a sacrificial altar of Ru.
  1827 | D:4      | Found an opulent altar of Gozag.
  1829 | D:4      | Found a shadowy altar of Dithmenos.
  1856 | D:4      | Became a worshipper of Gozag Ym Sagoz the Greedy
  1861 | D:4      | Found Vehesmur's Weapon Emporium.
  2153 | D:3      | Noticed Ijyb
  2175 | D:3      | Killed Ijyb
  2372 | D:3      | Reached skill level 6 in Long Blades
  2372 | D:3      | Reached XP level 6. HP: 50/50 MP: 6/6
  2406 | D:3      | Reached skill level 5 in Fighting
  2452 | D:3      | Found Piyn's Weapon Boutique.
  4302 | D:4      | Reached XP level 7. HP: 57/57 MP: 7/7
  4548 | D:5      | Entered Level 5 of the Dungeon
  4593 | D:5      | Reached skill level 7 in Long Blades
  4719 | D:5      | Noticed Edmund
  4743 | D:5      | Killed Edmund
  5027 | D:5      | Noticed Duvessa
  5027 | D:5      | Noticed Dowan
  5044 | D:5      | Killed Duvessa
  5045 | D:5      | Reached skill level 8 in Long Blades
  5061 | D:5      | Killed Dowan
  5062 | D:5      | Reached XP level 8. HP: 38/67 MP: 8/8
  5243 | D:5      | Found a staircase to the Ecumenical Temple.
  5251 | D:5      | Identified the +2 pair of boots "Efuotwa" {Slay+2 Stlth+}
  5674 | D:5      | Identified the ring "Esoxacicir" {rF- Will+ Dex+2 SInv}
  6093 | D:5      | Reached skill level 9 in Long Blades
  6236 | D:6      | Noticed Sigmund
  6284 | D:6      | Killed Sigmund
  6476 | D:6      | Found a glowing golden altar of the Shining One.
  6527 | D:6      | Reached skill level 10 in Long Blades
  6634 | D:6      | Reached XP level 9. HP: 75/75 MP: 9/9
  6905 | D:6      | Found a sparkling altar of Nemelex Xobeh.
  7469 | D:7      | Found a flagged portal.
  7500 | Bailey   | Entered a bailey
  7627 | Bailey   | Noticed an orc sorcerer
  7722 | Bailey   | Reached skill level 11 in Long Blades
  7777 | Bailey   | Reached skill level 10 in Fighting
  7795 | Bailey   | Noticed a red devil
  7796 | Bailey   | Gained mutation: You possess an exceptional clarity of
                  | mind. [a neqoxec]
  7798 | Bailey   | Paralysed by an orc sorcerer for 5 turns
  7801 | Bailey   | HP: 2/78 [red devil/+0 trident[an orc sorcerer] (7)]
  7802 | Bailey   | Slain by a red devil

Illustrated notes

Levels and vault maps discovered:
D:1:      minmay_arrival_hallway, layout_loops_ring
D:2:      minmay_razor_zed, layout_loops_ring, roderic_serpentine_path,
          st_stairs_12, hangedman_decor_peaks_small
D:3:      layout_rooms, serial_shops, nicolae_shop_crystal, chequers_arboretum,
          uniq_ijyb
D:4:      kennysheep_spiral_hall, layout_rooms, grunt_temple_overflow_open,
          serial_shops, nicolae_shop_hallway_stairs
D:5:      layout_basic, minmay_temple_entry_drinking_statues, uniq_edmund,
          uniq_duvessa
D:6:      layout_loops_ring, tso_altar, mainiacjoe_overflow_catwalk,
          uniq_sigmund
D:7:      layout_basic, enter_bailey_6
Bailey:   bailey_axe_of_yendor_kennysheep, bailey

Skill      XL: |  1  2  3  4  5  6  7  8  9 |
---------------+----------------------------+-----
Long Blades    | 4 5 6 8 10 11 | 11.2
Fighting       | 3 4 5 7 8 10 | 10.0
Throwing       | |  2.1
Dodging        | |  4.1

Action                   |  1- 3 |  4- 6 |  7- 9 || total
-------------------------+-------+-------+-------++-------
Melee: Long sword        |   126 |   144 |   233 ||   503
       Short sword       |       |    15 |    14 ||    29
       Punch             |       |     2 |     4 ||     6
Throw: Throwing net      |       |     3 |       ||     3
       Javelin           |       |     2 |     3 ||     5
       Dart              |       |       |     6 ||     6
       Boomerang         |       |       |    31 ||    31
Invok: Potion Petition   |       |       |     1 ||     1
Evoke: Wand              |       |       |    12 ||    12
  Use: Scroll            |       |     8 |     7 ||    15
       Potion            |       |     2 |     3 ||     5
 Stab: Sleeping          |     4 |       |       ||     4
       Held in net/web   |       |     1 |       ||     1
       Distracted        |       |     1 |     2 ||     3
Armor: Leather armour    |    25 |       |       ||    25
       Scale mail        |    28 |    50 |    14 ||    92
       Ring mail         |       |       |    79 ||    79
Dodge: Dodged            |    98 |    59 |   127 ||   284

Table legend: (Time is in decaauts)
 A = Elapsed time spent in this place.
 B = Non-inter-level travel time spent in this place.
 C = Inter-level travel time spent in this place.
 D = Time resting spent in this place.
 E = Time spent auto-exploring this place.
 F = Levels seen in this place.
 G = Mean time per level.
                   A        B        C        D        E       F      G
               +--------+--------+--------+--------+--------+-----+--------+
         Total |   7767 |   7450 |    317 |   1100 |   4365 |   8 |  970.9 |
       Dungeon |   7552 |   7235 |    317 |   1095 |   4351 |   7 | 1078.9 |
        Bailey |    215 |    215 |      0 |      5 |     14 |   1 |  215.0 |
               +--------+--------+--------+--------+--------+-----+--------+

Top non-repeatable levels by time:
     D:5: 1753 daAuts
     D:2: 1440 daAuts
     D:3: 1057 daAuts
     D:1: 1054 daAuts
     D:4: 1051 daAuts
     D:6: 1020 daAuts
  Bailey: 215 daAuts
     D:7: 175 daAuts
